 Dungeon Crawl Stone Soup version 0.19.3-1-g3169bf9 (webtiles) character file.

726 Gorglomux the Firebug (level 7, 0/36 HPs)
             Began as a Deep Elf Fire Elementalist on Jan 25, 2017.
             Was a Believer of Sif Muna.
             Slain by a gnoll
             ... wielding a +0 halberd
              (13 damage)
             ... on level 4 of the Dungeon.
             The game lasted 00:37:14 (4967 turns).

Gorglomux the Firebug (Deep Elf Fire Elementalist)  Turns: 4967, Time: 00:37:15

Health: 0/36       AC:  4    Str:  5    XL:     7   Next: 44%
Magic:  0/16       EV: 13    Int: 22    God:    Sif Muna [**....]
Gold:   199        SH:  0    Dex: 15    Spells: 4 memorised, 3 levels left

rFire  . . .     SeeInvis .     t - +2 trident (venom)
rCold  . . .     Gourm    .     a - +0 robe
rNeg   . . .     Faith    .     (no shield)
rPois  .         Spirit   .     (no helmet)
rElec  .         Reflect  .     (no cloak)
rCorr  .         Harm     .     f - +0 pair of gloves
MR     .....                    n - +0 pair of boots
Stlth  ++........               (no amulet)
                                (no ring)
                                (no ring)

@: no casting
A: no striking features
a: Stop Divine Energy, Renounce Religion


You were on level 4 of the Dungeon.
You worshipped Sif Muna.
Sif Muna was pleased with you.
You were not hungry.

You visited 1 branch of the dungeon, and saw 4 of its levels.

You collected 199 gold pieces.


   Skills:
 - Level 2.4 Dodging
 - Level 2.4 Stealth
 - Level 5.0 Spellcasting
 + Level 5.9 Conjurations
 + Level 6.7 Fire Magic


You had 3 spell levels left.
You knew the following spells:

 Your Spells              Type           Power        Failure   Level  Hunger
c - Sticky Flame          Conj/Fire      ####....     10%         4    ####...
v - Fireball              Conj/Fire      ####......   21%         5    #####..
y - Conjure Flame         Conj/Fire      ####....     1%          3    ##.....
z - Flame Tongue          Conj/Fire      ####.        1%          1    None


Dungeon Overview and Level Annotations

Branches:
Dungeon (4/15)
 Temple: D:4-7

Altars:
Sif Muna

Annotations:
D:3 dscm's ghost, amateur GrFi

Inventory:

Hand Weapons
 i - a +0 spear
   (You found it on level 1 of the Dungeon)
 t - a +2 trident of venom (weapon)
   (You took it off Terence on level 2 of the Dungeon)
Armour
 a - a +0 robe (worn)
 f - a +0 pair of gloves (worn)
   (You found it on level 1 of the Dungeon)
 n - a +0 pair of boots (worn)
   (You found it on level 2 of the Dungeon)
 w - a +0 buckler
   (You found it on level 2 of the Dungeon)
Wands
 y - a wand of iceblast (6/15)
   (You found it on level 4 of the Dungeon)
Scrolls
 g - a scroll of recharging
 h - a scroll of enchant weapon {unknown}
 j - 2 scrolls of remove curse {@r2}
 m - a scroll of noise {unknown}
 o - a scroll of immolation {unknown}
 q - 3 scrolls of identify {@r1}
 u - a scroll of amnesia
 x - a scroll of teleportation {unknown}
Potions
 d - a potion of resistance {unknown}
 e - 4 potions of curing {@q1}
 k - a potion of cancellation {unknown}
 p - a potion of agility
 r - 2 potions of brilliance
 s - 2 potions of magic
 z - a potion of haste {unknown}
Books
 b - a book of Flames
Comestibles
 c - 3 bread rations {@e1}
 l - 2 meat rations {@e2}
 v - a slice of pizza
 A - 6 chunks of flesh

#. .. ##. .# #
.. .# .# #. .#
.. #.##)##.#
#.#.).....#.#
#...†)g.....#
#####.#######
#@# ##.## #...#
#...# #...#
#####...#####
##...........#.
................
###...........#.


You could see a gnoll.


Message History

Aim: a bullfrog skeleton (almost destroyed)
The sticky flame hits the bullfrog skeleton.
You destroy the bullfrog skeleton!
Sif Muna accepts your kill.
You are feeling hungry.
Sif Muna grants you divine energy.
You briefly lose access to your magic!
You start resting.
Eating one of 7 chunks of flesh.
You start eating one of the 7 chunks of flesh.
You regain access to your magic.
A gnoll comes into view. It is wielding a club.
A gnoll comes into view.
Aim: a gnoll, wielding a club The fireball explodes!
The fireball engulfs the gnoll.
You kill the gnoll!
Sif Muna accepts your kill.
The fireball engulfs the gnoll.
Sif Muna grants you divine energy.
You briefly lose access to your magic!
You regain access to your magic.
Aim: a gnoll (severely wounded)
The flame tongue hits the gnoll.
Aim: a gnoll (severely wounded)
The sticky flame hits the gnoll.
You kill the gnoll!
Sif Muna accepts your kill. Sif Muna grants you divine energy.
You briefly lose access to your magic!
You see here a gnoll corpse.
You butcher the gnoll corpse.
A - 7 chunks of flesh (gained 1)
You regain access to your magic.
Some of the chunks of flesh in your inventory have rotted away.
A gnoll comes into view. It is wielding a whip.
You see here a ring mail.
A gnoll comes into view. It is wielding a halberd.
The gnoll shouts! x2
The gnoll hits you with a whip! The gnoll barely misses you.
You see here a giant cockroach corpse.
Aim: a gnoll, wielding a whip The sticky flame hits the gnoll.
The gnoll is covered in liquid flames!
Sif Muna grants you divine energy.
You briefly lose access to your magic!
The gnoll burns!
The gnoll hits you with a whip.
The gnoll hits you from afar with a halberd!
* * * LOW HITPOINT WARNING * * *
The gnoll burns!
You kill the gnoll!
Sif Muna accepts your kill.
The gnoll hits you from afar with a halberd!
You die...

Vault maps used:
D:1:      minmay_arrival_checkered_box
D:2:      lemuel_round_altar, uniq_robin, uniq_terence
D:3:      first_bread, st_stairs_8, uniq_natasha, uniq_grinder

Vanquished Creatures
  Grinder (D:3)
  3 orc wizards
  3 orc priests
  A bullfrog skeleton (D:4)
  A worker ant (D:4)
  Natasha (twice) (D:3)
  Terence (D:2)
  Robin (D:2)
  3 gnolls (D:4)
  3 adders
  An ooze (D:2)
  3 worms
  A dart slug (D:1)
  2 leopard geckos
  16 orcs
  9 giant cockroaches
  16 goblins
  8 hobgoblins
  13 jackals
  4 quokkas
  2 ball pythons
  9 bats
  5 frilled lizards
  10 kobolds
  10 rats
128 creatures vanquished.

Table legend:
 A = Turns spent in this place as a percentage of turns spent in the entire game.
 B = Non-inter-level travel turns spent in this place as a percentage of non-inter-level travel turns spent in the entire game.
 C = Inter-level travel turns spent in this place as a percentage of turns spent in this place.
 D = Turns resting spent in this place as a percentage of non-inter-level travel turns spent in this place.
 E = Turns spent auto-exploring this place as a percentage of non-inter-level travel turns spent in this place.
 F = Non-inter-level travel turns spent in this place divided by the number of levels of this place that you've seen.
                   A       B       C       D       E      F
               +-------+-------+-------+-------+-------+----------------------
         Total | 100.0 | 100.0 |   0.9 |   6.4 |   9.1 | 459.0
       Dungeon | 100.0 | 100.0 |   0.9 |   6.4 |   9.1 | 459.0
               +-------+-------+-------+-------+-------+----------------------

Table legend:
 A = Kills in this place as a percentage of kills in entire the game.
 B = Kills by you in this place as a percentage of kills by you in the entire game.
 C = Kills by friends in this place as a percentage of kills by friends in the entire game.
 D = Other kills in this place as a percentage of other kills in the entire game.
 E = Experience gained in this place as a percentage of experience gained in the entire game.
 F = Experience gained in this place divided by the number of levels of this place that you have seen.
                   A       B       C       D       E      F
               +-------+-------+-------+-------+-------+----------------------
         Total | 100.0 | 100.0 |  -nan |  -nan | 100.0 | 259.5
       Dungeon | 100.0 | 100.0 |  -nan |  -nan | 100.0 | 259.5
               +-------+-------+-------+-------+-------+----------------------

Notes
Turn   | Place    | Note
-------+----------+-------------------------------------------
     0 | D:1      | Gorglomux the Deep Elf Fire Elementalist began the quest for the Orb.
     0 | D:1      | Reached XP level 1. HP: 10/10 MP: 6/6
   256 | D:1      | Reached XP level 2. HP: 15/15 MP: 6/8
   742 | D:1      | Reached skill level 2 in Conjurations
   900 | D:2      | Reached XP level 3. HP: 19/19 MP: 8/10
   905 | D:2      | Learned a level 3 spell: Conjure Flame
  1089 | D:2      | Reached skill level 4 in Spellcasting
  1260 | D:2      | Reached skill level 4 in Fire Magic
  1279 | D:2      | Reached XP level 4. HP: 24/24 MP: 1/12
  1371 | D:2      | Noticed Robin
  1387 | D:2      | Killed Robin
  1398 | D:2      | Learned a level 4 spell: Sticky Flame
  1519 | D:2      | Gorglomux: &watch
  1519 | D:2      | beem: http://crawl.xtahua.com:8080/#watch-Gorglomux
  1789 | D:2      | Found a deep blue altar of Sif Muna.
  1793 | D:2      | gressup: heya
  1794 | D:2      | Gorglomux: hey !
  1794 | D:2      | gressup: can you hit m? just curious
  1794 | D:2      | Gorglomux: im not far into this for now, i just met sif ill take it
  1794 | D:2      | gressup: stop on spellcasting
  1794 | D:2      | gressup: for now
  1794 | D:2      | gressup: get like 8 conj and 8 fire (IMO)
  1794 | D:2      | Gorglomux: kk
  1794 | D:2      | Gorglomux: for now i have this, ill get fireball then
  1794 | D:2      | gressup: you will get spellcasting later but early game you want spellpower & low failrate
  1794 | D:2      | Gorglomux: i dont like the others
  1804 | D:2      | Became a worshipper of Sif Muna the Loreminder
  1809 | D:2      | gressup: wait are you not using flame tongue
  1810 | D:2      | Gorglomux: nono i use it
  1810 | D:2      | gressup: OH those are the ones you can learn
  1810 | D:2      | Gorglomux: ye
  1810 | D:2      | gressup: ok
  1850 | D:2      | Noticed Terence
  1857 | D:2      | gressup: sticky flame is clutch tbh
  1857 | D:2      | gressup: like, if you cast it on blink frogs
  1857 | D:2      | Gorglomux: i find it really good
  1868 | D:2      | gressup: good conjure
  1874 | D:2      | Killed Terence
  1875 | D:2      | gressup: nice
  1976 | D:2      | Gorglomux: i like spear with those
  1977 | D:2      | gressup: yeah
  2066 | D:2      | gressup: well you shouldn't be relying on weapons just yet
  2069 | D:2      | gressup: being able to poison is good
  2069 | D:2      | gressup: but if you're low on mana at all you need to gtfo
  2069 | D:2      | Gorglomux: i try to run away at -25% mana
  2085 | D:2      | gressup: ok
  2119 | D:2      | gressup: I mean you got 2 runes on decj right? so you're probably mostly doing things right
  2119 | D:2      | Gorglomux: maybe with sif and his +cast ill stay longer i dont know
  2178 | D:3      | Noticed Grinder
  2179 | D:3      | gressup: sif is all about channeling
  2220 | D:3      | gressup: mana tank
  2337 | D:3      | gressup: oh so ideally!!! if you can get a staff of fire that is your best investment weaponwise, IMO
  2339 | D:3      | Gorglomux: yep, i love staff
  2436 | D:3      | Noticed dscm's ghost (amateur GrFi)
  2498 | D:3      | Gorglomux: aaaa
  2629 | D:3      | gressup: sorry multitasking (chatting & playing a vpen)
  2637 | D:3      | gressup: wait vpne lol
  2637 | D:3      | Gorglomux: yeah, dont worry, im not there to take all the attention
  2653 | D:3      | Reached skill level 5 in Spellcasting
  2684 | D:3      | Gorglomux: and i must be boring to watch as fuck
  2684 | D:3      | Gorglomux: é
  2685 | D:3      | Reached XP level 5. HP: 28/28 MP: 11/14
  2691 | D:3      | gressup: I have a hard time watching anybody else play tbh
  2692 | D:3      | gressup: it's not you specifically
  2791 | D:3      | gressup: if I was good at watching other people's games I would learn more about different strats lol
  2819 | D:3      | Gorglomux: yeah me too im trying to get good at this game by any means
  2865 | D:3      | Learned a level 5 spell: Fireball
  2914 | D:3      | Reached skill level 3 in Conjurations
  2939 | D:3      | gressup: mostly time and practice tbh
  3074 | D:3      | gressup: I have some real bad habits, I tend to take two steps in cardinal directions when I should move diagonally
  3074 | D:3      | Gorglomux: yeah me too
  3074 | D:3      | gressup: that's a big deal really
  3074 | D:3      | Gorglomux: were should i conjure flame?
  3074 | D:3      | gressup: um
  3074 | D:3      | gressup: shit against grinder
  3074 | D:3      | gressup: hmm
  3074 | D:3      | Gorglomux: so i just run away?
  3074 | D:3      | gressup: I'd put it se of you and run to those downstairs
  3074 | D:3      | gressup: sorry, "shit, this is against grinder" rather than "this spell is shit against him"
  3074 | D:3      | Gorglomux: or i can get back and put it were im actually standing
  3074 | D:3      | gressup: the upstairs would be better but he's in the way rn
  3074 | D:3      | gressup: I'd just park him
  3074 | D:3      | gressup: um not sure really
  3074 | D:3      | Gorglomux: in 2 flames?
  3074 | D:3      | gressup: positioning like that maybe not my strong point :X
  3074 | D:3      | Gorglomux: okay ill run behind and get downstir
  3074 | D:3      | gressup: well I'd try to run away right now
  3075 | D:3      | gressup: well and the goal is not to stay down
  3079 | D:3      | Gorglomux: was the right choice i think
  3079 | D:3      | gressup: the goal is maybe to see if you can get him adjacent when you go down, hopefully he can blink away while you're down there, then yo come back up
  3079 | D:3      | gressup: yeah that worked
  3087 | D:3      | gressup: parking might be dangerous
  3088 | D:3      | gressup: idk
  3119 | D:3      | gressup: I just do things I don't think real hard about them haha
  3178 | D:3      | gressup: nice maybe you can clear out this northeast corner of the map then just move on for now
  3178 | D:3      | Gorglomux: me too, i just dont want to die early against him or sig
  3178 | D:3      | gressup: who does!!
  3178 | D:3      | Gorglomux: mb if i had fireball i could deal with him
  3203 | D:3      | gressup: I die often to "red uniques" because I'm stubborn
  3211 | D:3      | gressup: it's one of my top causes of death still
  3211 | D:3      | gressup: not just early game
  3220 | D:3      | gressup: oh I can query here because beem
  3221 | D:3      | gressup: !gamesby
  3221 | D:3      | beem: gressup has played 4296 games, between 2012-02-18 03:08:44 and 2017-01-24 01:32:38, won 44 (1.0%), high score 11157548, total score 168972785, total turns 42076926, play-time/day 1:18:25, total time 98d+4:31:34.
  3236 | D:3      | gressup: it says I started in 2012 but really I started seriously in like 2015
  3236 | D:3      | Gorglomux: i started around 2013 and really in november 2016
  3330 | D:3      | Reached * piety under Sif Muna
  3331 | D:3      | shping: don't want that buckler?
  3332 | D:3      | Gorglomux: got one already, not putting it for now
  3372 | D:3      | shping: I don't play a lot of casters admittedly, aside from "wizard" for the utility spells and then go hybrid
  3390 | D:3      | gressup: buckler is somethign you want kinda early on a blaster probably, but I'd wait until you can get that 4 skill
  3390 | D:3      | Gorglomux: im trying to win a non mifi race
  3391 | D:3      | gressup: haha decj is like, way on the other end of the scale
  3391 | D:3      | Gorglomux: yeah -2 is hard at start
  3392 | D:3      | gressup: you could have gone for like, hogl :P
  3410 | D:3      | gressup: HoFE is surprisingly strong actually!!!
  3425 | D:3      | shping: with a name like gorglomux I would assume you were a gargoyle aficionado
  3425 | D:3      | Gorglomux: i tried gargoyle a lot, failed on zot5
  3428 | D:3      | Gorglomux: i'm making a pause of them
  3444 | D:3      | gressup: gargoyle is like
  3445 | D:3      | shping: right on
  3463 | D:3      | gressup: you should be able to get away with low armour because they have so much natural AC that they should be a good fit for a robe-wearing caster
  3468 | D:3      | shping: Ho ^ Zin is super duper fun, turn all those liches into pillars of salt with one button
  3472 | D:3      | gressup: but it's so fun to just get like 70 AC in plate lolol
  3522 | D:2      | gressup: I haven't used zin to his full potential
  3563 | D:2      | Gorglomux: dammit !
  3574 | D:2      | shping: my only victory is a hill orc of zin
  3597 | D:2      | shping: it felt like cheating, a little bit
  3626 | D:3      | Gorglomux: shit !
  3627 | D:3      | gressup: anything with a broken weapon skill feels like cheating
  3638 | D:3      | gressup: axes on HO or poles on MF :P
  3827 | D:2      | shping: whew!
  3846 | D:2      | gressup: nice save
  3850 | D:2      | gressup: lawd rngsus take the wheel
  3850 | D:2      | Gorglomux: ye
  3853 | D:3      | shping: have you found id scrolls yet?
  3855 | D:3      | shping: that's a lot of unid potions
  3855 | D:3      | Gorglomux: got one left
  3861 | D:3      | Reached skill level 5 in Fire Magic
  3864 | D:3      | shping: I'd use it on a pot, just my preference
  3865 | D:3      | gressup: do you wait to read-id scrolls until you have more than 1?
  3869 | D:3      | gressup: I just read id scrolls when I get them and use ID's on pots first
  3869 | D:3      | Gorglomux: i like to get one for amulets or artefacts
  3869 | D:3      | gressup: maybe I'll id a sweet wand early
  3870 | D:3      | gressup: ah yeah amulets true
  3870 | D:3      | Gorglomux: or wan
  3878 | D:3      | gressup: I mostly wear/wield id artefacts :X
  3882 | D:3      | gressup: once in a couple hundred games I get disto
  3882 | D:3      | shping: same, baylife.
  3882 | D:3      | gressup: I don't mutroulette though
  3907 | D:3      | gressup: haha I forgot that I had this
  3907 | D:3      | gressup: ??gressup
  3975 | D:3      | beem: gressup[1/6]: Crawl will give you items that are inappropriate for your character type; this is unremarkable.
  3984 | D:3      | shping: nice Wizard skills
  4013 | D:3      | Noticed Natasha
  4014 | D:3      | gressup: ??gressup[2
  4014 | D:3      | beem: gressup[2/6]: You gotta know when to tab em / know when to stab em / know when to walk away / know when to run
  4020 | D:3      | Killed Natasha
  4020 | D:3      | Reached XP level 6. HP: 32/32 MP: 8/15
  4132 | D:3      | Gorglomux: k revenge time
  4132 | D:3      | gressup: yeah??
  4132 | D:3      | shping: does natasha give more xp than other uniques? or is it spread out across the deaths
  4139 | D:3      | gressup: natasha doesn't seem to give a shit ton tbh
  4142 | D:3      | Paralysed by Grinder for 7 turns
  4149 | D:3      | gressup: grinder gives a lot
  4152 | D:3      | shping: OH MY
  4153 | D:3      | gressup: sigmund too
  4155 | D:3      | gressup: yeah this is ballsy
  4158 | D:3      | Killed Grinder
  4158 | D:3      | Reached skill level 4 in Conjurations
  4158 | D:3      | Reached skill level 6 in Fire Magic
  4219 | D:3      | Gorglomux: aha !
  4219 | D:3      | shping: that conjure saved your life
  4219 | D:3      | gressup: nice!!
  4232 | D:3      | Noticed Natasha
  4236 | D:3      | Killed Natasha
  4236 | D:3      | Reached skill level 5 in Conjurations
  4284 | D:3      | gressup: cat stab fever, duh nuh nuhh
  4300 | D:3      | shping: you nearly became pudding
  4300 | D:3      | Gorglomux: tricky d!:3
  4316 | D:4      | shping: lol if natasha had came up behind haha
  4316 | D:4      | gressup: XD
  4397 | D:3      | gressup: just curious where are you guys at, I'm in the states
  4411 | D:3      | Gorglomux: im in france
  4411 | D:3      | shping: near DC
  4411 | D:3      | Gorglomux: fuck you big ghost
  4422 | D:3      | gressup: shping oh really o.o
  4452 | D:3      | gressup: I'm up in new england
  4477 | D:4      | Reached XP level 7. HP: 32/36 MP: 8/16
  4478 | D:4      | Reached ** piety under Sif Muna
  4482 | D:4      | gressup: *shrug*
  4569 | D:4      | shping: fair nuff
  4589 | D:4      | gressup: I think I just reacted that way because that seems like it would be a crazy area to be near ATM
  4589 | D:4      | shping: I ain't driving to your house to play webtiles :P
  4591 | D:4      | gressup: nah haha
  4591 | D:4      | gressup: BUT YOU COULD MEET MY CAT
  4591 | D:4      | shping: ah, yeah. the protests were awesome
  4593 | D:4      | shping: women's march wasn't too bad either
  4594 | D:4      | gressup: I get anxiety / panic issues in like, shopping malls
  4598 | D:4      | gressup: so yeah lol that would be overwhelming for me
  4598 | D:4      | shping: already have 3 cats fam
  4650 | D:3      | shping: Gorg playing th hunger games over here
  4711 | D:4      | gressup: hehe man after my own playstyle
  4719 | D:4      | shping: permafood is not rare or valuable OP
  4720 | D:4      | shping: :P i mean
  4720 | D:4      | gressup: I still manage to run low on food sometimes
  4786 | D:4      | gressup: poor management skills
  4810 | D:4      | shping: may be the caster thing too. again, I don't do serious casters
  4811 | D:4      | gressup: esp if spell blasting
  4865 | D:4      | gressup: hey gorglomux, hit M then !
  4867 | D:4      | Gorglomux: not at 8 yet
  4867 | D:4      | gressup: nono
  4867 | D:4      | gressup: not m
  4867 | D:4      | gressup: M
  4867 | D:4      | gressup: now !
  4867 | D:4      | gressup: I'd like to see spellpower
  4867 | D:4      | shping: show me your spell power
  4867 | D:4      | gressup: there
  4867 | D:4      | shping: mmmmmm
  4867 | D:4      | gressup: what are your skills that are focused again
  4867 | D:4      | gressup: sorry lol
  4867 | D:4      | Gorglomux: i got some lagspikes for whatever reasons
  4867 | D:4      | shping: just fire/conj
  4867 | D:4      | gressup: but what levels
  4867 | D:4      | gressup: hmm ok
  4867 | D:4      | gressup: get like one more spellpower for now then you're going to train some defenses for a little
  4867 | D:4      | Gorglomux: getting fireball low and then fighting /dodging
  4867 | D:4      | gressup: like some fighting and shields
  4867 | D:4      | gressup: not dodging yet tbh
  4870 | D:4      | gressup: dodging you can start right around lair
  4870 | D:4      | Gorglomux: i like them on de cause of +2 but ok
  4870 | D:4      | gressup: agree
  4870 | D:4      | gressup: but
  4874 | D:4      | gressup: it will catch up real fast
  4883 | D:4      | Gorglomux: yep
  4883 | D:4      | gressup: also stealth at some point will be a great investment
  4896 | D:4      | gressup: but not yettt
  4896 | D:4      | Gorglomux: oh didnt knew that
  4901 | D:4      | Gorglomux: k im lagging too much, fuck my connection
  4907 | D:4      | gressup: :(
  4907 | D:4      | Gorglomux: yep ill stop for now, thanks for your useful advices
  4907 | D:4      | Gorglomux: too slow
  4907 | D:4      | Gorglomux: fuck wy highschool broken connection
  4912 | D:4      | Gorglomux: anyway thanks a lot for your help
  4912 | D:4      | Gorglomux: ill try to win this one
  4912 | D:4      | gressup: regarding stealth, quickly-
  4912 | D:4      | Gorglomux: but later
  4912 | D:4      | gressup: I've heard that on most combos, getting 4-5 pips of stealth is a good investment
  4912 | D:4      | Gorglomux: 5 #?
  4912 | D:4      | gressup: yes
  4912 | D:4      | gressup: very cheap on DE
  4912 | D:4      | Gorglomux: oh
  4912 | D:4      | gressup: like
  4912 | D:4      | Gorglomux: yeah
  4912 | D:4      | gressup: many more enemies will not see you "?"
  4912 | D:4      | gressup: and you can walk away
  4912 | D:4      | gressup: like, on the first turn they enter LOS
  4912 | D:4      | Gorglomux: yep
  4912 | D:4      | gressup: not for stabbing or sneaking, just for seeing one and walking away because they didn't notice
  4912 | D:4      | Gorglomux: i like that gameplay, but im not good with stealth yet
  4912 | D:4      | gressup: well
  4912 | D:4      | gressup: once you get to the point that your main skills are like 12-15
  4912 | D:4      | gressup: make sure you have things like stealth or evocations where you want them
  4912 | D:4      | gressup: like 5-10 skill depending on race
  4912 | D:4      | gressup: before you go past like 14 or 15 skill on any one skill, just my advice
  4912 | D:4      | shping: I always invest a little in evo then never remember to use it
  4912 | D:4      | shping: stealth is great though
  4912 | D:4      | Gorglomux: okay, i never put on defensive skills other than fighting dodging, ill try that
  4912 | D:4      | gressup: it's like a condom XD
  4912 | D:4      | gressup: you want evocations, better to have it and not need it than need it and not have it
  4912 | D:4      | Gorglomux: yeah i use fan of gales sometimes, thats quite good
  4912 | D:4      | gressup: but I usually only get like 4-6 evocations unless I'm using an enhancer staff
  4912 | D:4      | gressup: but that's a personal thing
  4912 | D:4      | gressup: many people lean hard on evocations
  4912 | D:4      | Gorglomux: okayi got to go, thanks a lot for your informations !
  4912 | D:4      | gressup: bye! good times
  4912 | D:4      | shping: peace
  4967 | D:4      | Slain by a gnoll

Action                   |  1- 3 |  4- 6 |  7- 9 || total
-------------------------+-------+-------+-------++-------
Melee: Spear             |     2 |       |       ||     2
       Trident           |       |    16 |     1 ||    17
 Cast: Flame Tongue      |    70 |   127 |    12 ||   209
       Conjure Flame     |     1 |     9 |     3 ||    13
       Sticky Flame      |       |    10 |     5 ||    15
       Fireball          |       |       |     5 ||     5
Invok: Divine Energy     |       |     1 |       ||     1
  Use: Scroll            |       |     5 |     1 ||     6
  Eat: Chunk             |     1 |    10 |     6 ||    17
Armor: Robe              |     2 |    14 |       ||    16
Dodge: Dodged            |    18 |    39 |     2 ||    59
